 Dungeon Crawl Stone Soup version 0.23.2 (webtiles) character file.

Game seed: 18419654209242421290

56 poirepourri the Magician (level 3, -1/24 HPs)
             Began as a Mummy Conjurer on Apr 8, 2019.
             Killed from afar by Natasha (8 damage)
             ... with a magic dart
             ... on level 3 of the Dungeon.
             The game lasted 00:02:18 (1783 turns).

poirepourri the Magician (Mummy Conjurer)           Turns: 1783, Time: 00:02:19

Health: -1/24      AC:  2    Str: 11    XL:     3   Next: 71%
Magic:  1/9        EV: 12    Int: 15    God:
Gold:   61         SH:  0    Dex: 12    Spells: 9/12 levels left

rFire    x . .     SeeInvis .   b - +0 dagger (venom)
rCold    + . .     Gourm    .   (no shield)
rNeg     + + +     Faith    .   a - +0 robe
rPois    ∞         Spirit   .   (no helmet)
rElec    .         Reflect  .   (no cloak)
rCorr    .         Harm     .   (no gloves)
MR       .....                  (no boots)
Stlth    ++........             (no amulet)
HPRegen  0.08/turn              (no ring)
MPRegen  0.11/turn              (no ring)

@: no status effects
A: no food or potions, fire vulnerability, cold resistance 1, negative energy
resistance 3, torment resistance, unbreathing
a: no special abilities


You were on level 3 of the Dungeon.
You were not hungry.

You visited 1 branch of the dungeon, and saw 3 of its levels.

You collected 61 gold pieces.

Inventory:

Hand Weapons
 b - a +0 dagger of venom (weapon)
Armour
 a - a +0 robe (worn)


   Skills:
 - Level 1.5 Dodging
 - Level 1.5 Stealth
 + Level 5.1 Spellcasting
 - Level 3.2 Conjurations


You had 9 spell levels left.
You knew the following spells:

 Your Spells              Type           Power        Failure   Level  Hunger
a - Magic Dart            Conj           ##..         4%          1    N/A
b - Searing Ray           Conj           ##....       6%          2    N/A

Your spell library contained the following spells:

 Spells                   Type           Power        Failure   Level  Hunger
 Dazzling Spray           Conj/Hex       #.....       24%         3    N/A
 Iskenderun's Mystic Bla  Conj           ##......     38%         4    N/A
 Force Lance              Conj/Tloc      #.......     63%         4    N/A
 Fulminant Prism          Conj/Hex       #.........   63%         4    N/A

Dungeon Overview and Level Annotations

Branches:
Dungeon (2/15)

Altars:

Annotations:
D:2 Terence
D:3 Natasha


Innate Abilities, Weirdness & Mutations

You do not eat or drink.
Your flesh is vulnerable to fire.
You are immune to poison.
Your flesh is cold resistant. (rC+)
You are immune to negative energy. (rN+++)
You are immune to unholy pain and torment.
You can survive without breathing.


Message History

The crimson imp is moderately wounded.
Natasha barely misses you.
Without enough magic to sustain it, your searing ray dissipates.
Natasha casts a spell at you. The magic dart hits you!
* * * LOW HITPOINT WARNING * * *
The crimson imp blinks!
Natasha claws you but does no damage.
Casting: Searing Ray (safe; 6% risk of failure)
Confirm with . or Enter, or press ? or * to list all spells.
You don't have enough magic to cast that spell.
Unknown command.
Casting: Searing Ray (safe; 6% risk of failure)
Confirm with . or Enter, or press ? or * to list all spells.
You don't have enough magic to cast that spell.
You closely miss Natasha.
Natasha is severely wounded.
Natasha casts a spell at you. The magic dart hits you!
You die...

#..............#
#J..............
#..............#
........l........
#.........#####.#
#........l#
+.........#
#).......g###
........§5h@#
.......5l#+#
.........
...5.....
.......?..
..........
...........
.......


You could see Natasha, 2 crimson imps, a shadow imp, a goblin and a frilled
lizard.

Vanquished Creatures
  An adder (D:2)
  An ooze (D:1)
  2 worms (D:2)
  2 leopard geckos
  A giant cockroach (D:2)
  7 goblins
  2 hobgoblins
  2 jackals (D:1)
  4 bats
  3 frilled lizards (D:1)
  7 kobolds
  5 rats (D:1)
37 creatures vanquished.

Notes
Turn   | Place    | Note
-------+----------+-------------------------------------------
     0 | D:1      | poirepourri the Mummy Conjurer began the quest for the Orb.
     0 | D:1      | Reached XP level 1. HP: 13/13 MP: 4/4
   196 | D:1      | Reached skill level 3 in Spellcasting
   510 | D:1      | Reached XP level 2. HP: 19/19 MP: 3/6
   520 | D:1      | Learned a level 2 spell: Searing Ray
   742 | D:1      | Reached skill level 4 in Spellcasting
  1122 | D:2      | Reached XP level 3. HP: 20/24 MP: 0/9
  1381 | D:2      | Noticed Terence
  1611 | D:2      | Reached skill level 5 in Spellcasting
  1764 | D:2      | You fall through a shaft!
  1768 | D:3      | Noticed Natasha
  1783 | D:3      | Killed from afar by Natasha

Skill      XL: |  1  2  3 |
---------------+----------+-----
Spellcasting   | 3 4 5 |  5.1
Dodging        | |  1.5
Stealth        | |  1.5
Conjurations   | |  3.2

Action                   || total
-------------------------++-------
Melee: Unarmed           ||    12
       Dagger            ||     8
 Cast: Magic Dart        ||    58
       Searing Ray       ||     9
  Use: Scroll            ||     2
Armor: Robe              ||    12
Dodge: Dodged            ||    20
